 Dungeon Crawl Stone Soup version 0.25.0-45-g978344163c (webtiles) character file.

Game seed: 16543713531216657711

32 nikku the Skirmisher (level 3, 0/51 HPs)
             Began as a Minotaur Berserker on July 11, 2020.
             Was a Follower of Trog.
             Succumbed to Crazy Yiuf's poison
             ... on level 2 of the Dungeon.
             The game lasted 00:02:23 (1034 turns).

nikku the Skirmisher (Minotaur Berserker)           Turns: 1034, Time: 00:02:23

Health: 0/51       AC:  6    Str: 22    XL:     3   Next: 8%
Magic:  1/2        EV: 10    Int:  4    God:    Trog [*.....]
Gold:   98         SH:  4    Dex:  9    Spells: 2/2 levels left

rFire    . . .     SeeInvis .   a - +1 hand axe
rCold    . . .     Gourm    .   j - +1 buckler
rNeg     . . .     Faith    .   f - +0 ring mail
rPois    .         Spirit   .   (helmet restricted)
rElec    .         Reflect  .   (no cloak)
rCorr    .         Harm     .   (no gloves)
MR       .....                  e - +0 pair of boots
Stlth    ..........             (no amulet)
HPRegen  0.17/turn              (no ring)
MPRegen  0.08/turn              (no ring)

@: berserking, lethally poisoned (0 -> -11), slowed
A: retaliatory headbutt, horns 2
a: Berserk, Renounce Religion


You were on level 2 of the Dungeon.
You worshipped Trog.
Trog was aware of your devotion.
You were very hungry.

You visited 1 branch of the dungeon, and saw 2 of its levels.

You collected 98 gold pieces.

Inventory:

Hand Weapons
 a - a +1 hand axe (weapon)
Armour
 e - a +0 pair of boots (worn)
 f - a +0 ring mail (worn)
 j - a +1 buckler (worn)
Scrolls
 b - a scroll of teleportation
 k - a scroll of immolation
Potions
 d - a potion of flight {unknown}
 h - a potion of haste {unknown}
 i - a potion of might {unknown}
Comestibles
 c - 4 rations
 g - 4 chunks of flesh


   Skills:
 * Level 4.4 Fighting
 + Level 4.0 Axes
 + Level 3.0 Armour
 - Level 2.1 Dodging
 + Level 0.2 Shields


You had 2 spell levels left.
You didn't know any spells.
Your spell library was empty.

Dungeon Overview and Level Annotations

Branches:
Dungeon (2/15)

Altars:

Annotations:
D:2 Crazy Yiuf


Innate Abilities, Weirdness & Mutations

You reflexively headbutt those who attack you in melee.
You have a pair of horns on your head.


Message History

Crazy Yiuf is moderately wounded.
Crazy Yiuf twirls on the spot.
Crazy Yiuf hits you with a +2 quarterstaff of chaos.
You feel your power leaking away.
You hit Crazy Yiuf.
Crazy Yiuf is heavily wounded.
Crazy Yiuf hits you with a +2 quarterstaff of chaos!
You feel yourself slow down.
You barely miss Crazy Yiuf.
Crazy Yiuf is heavily wounded.
Crazy Yiuf hits you with a +2 quarterstaff of chaos!
* * * LOW HITPOINT WARNING * * *
You are lethally poisoned!
Crazy Yiuf hits you with a +2 quarterstaff of chaos!
* * * LOW HITPOINT WARNING * * *
You are too injured to fight recklessly!
A red film seems to cover your vision as you go berserk!
You feel yourself moving faster!
You feel mighty!
You are feeling very hungry.
You die...

### ..# #.# #####
#.# #)..# #. #.# ##
#...# #. #.# . ...
#. #.#.### #g#
###.##<#...# ♣@♣♣
...........# ♣♣.♣
.......#...# ♣.♣♣
..#....#...# ♣♣.♣
..##.......# ♣♣.♣♣
...........# ♣♣...♣
.###.....#.# ♣..♣.♣
...........# #....#
...........#####..##


You could see Crazy Yiuf.

Vanquished Creatures
  2 dart slugs (D:1)
  A leopard gecko (D:1)
  3 bats
  A giant cockroach (D:1)
  5 goblins (D:1)
  3 hobgoblins
  7 frilled lizards (D:1)
  3 kobolds (D:1)
  2 rats (D:1)
27 creatures vanquished.

Notes
Turn   | Place    | Note
-------+----------+-------------------------------------------
     0 | D:1      | nikku the Minotaur Berserker began the quest for the Orb.
     0 | D:1      | Reached XP level 1. HP: 19/19 MP: 0/0
   124 | D:1      | Reached XP level 2. HP: 25/27 MP: 1/1
   840 | D:1      | Reached XP level 3. HP: 34/34 MP: 2/2
  1026 | D:2      | Found a runed translucent door.
  1027 | D:2      | Noticed Crazy Yiuf
  1033 | D:2      | HP: 1/34 [Crazy Yiuf/+2 quarterstaff of chaos (9)]
  1034 | D:2      | Succumbed to Crazy Yiuf's poison

Illustrated notes

Levels and vault maps discovered:
D:1:      dpeg_arrival_tiny_a, layout_basic, minmay_misc_feat_room
D:2:      layout_basic, fedhas_altar_fruit_tree, uniq_crazy_yiuf_cottage,
          uniq_natasha

Skill      XL: |  1  2  3 |
---------------+----------+-----
Fighting       | 4 |  4.4
Axes           | 4 |  4.0
Armour         | 3 |  3.0
Dodging        | |  2.1
Shields        | |  0.2

Action                   || total
-------------------------++-------
Melee: Hand axe          ||    54
       Headbutt          ||     5
Invok: Berserk           ||     1
  Use: Scroll            ||     4
Armor: Leather armour    ||     1
       Ring mail         ||    11
Dodge: Dodged            ||    26
